 Dungeon Crawl Stone Soup version 0.31-a0-431-g88bdf31460 (webtiles) character file.

Game seed: 5969326245502187980

8 holysushi the Cutter (level 2, 24/24 HPs)
             Began as a Demonspawn Monk on July 31, 2023.
             Quit the game on level 1 of the Dungeon.
             The game lasted 00:00:13 (229 turns).

holysushi the Cutter (Demonspawn Monk)               Turns: 229, Time: 00:00:14

Health: 24/24      AC:  2    Str: 11    XL:     2   Next: 0%
Magic:  2/2        EV: 12    Int: 13    God:
Gold:   24         SH:  0    Dex: 15    Spells: 1/1 levels left

rFire   . . .        a - +0 short sword
rCold   . . .        (no shield)
rNeg    . . .        b - +0 robe
rPois   .            (no helmet)
rElec   .            (no cloak)
rCorr   .            (no gloves)
SInv    .            (no boots)
Will    .....        (no amulet)
Stlth   +            (no ring)
HPRegen 0.24/turn    (no ring)
MPRegen 0.08/turn

%: no passive effects
@: no status effects
A: big brain 1
a: no special abilities


You were on level 1 of the Dungeon.
You visited 1 branch of the dungeon, and saw 1 of its levels.

You collected 24 gold pieces.

Inventory:

Hand Weapons
 a - a +0 short sword (weapon)
Armour
 b - a +0 robe (worn)
Scrolls
 d - a scroll of enchant weapon {unknown}
Potions
 c - a potion of ambrosia


   Skills:
 - Level 3.0 Fighting
 + Level 3.2 Short Blades
 - Level 2.6 Dodging


You had one spell level left.
You didn't know any spells.
Your spell library was empty.

Dungeon Overview and Level Annotations

Branches:
Dungeon (1/15) Zot: 5776

Altars:


Innate Abilities, Weirdness & Mutations

You have an unusually large brain. (Int +2)


Message History

You hit the goblin.
You kill the goblin!
You see here a +0 club.
No target in view!
No target in view!
Found 6 boomerangs.
No target in view!
An endoplasm comes into view.
Found an escape hatch in the floor.
The endoplasm quivers.
An endoplasm is nearby!
An endoplasm is nearby!
The endoplasm closely misses you.
An endoplasm is nearby!
You hit the endoplasm.
The endoplasm is moderately wounded.
You hit the endoplasm but do no damage.
The endoplasm is moderately wounded.
The endoplasm hits you but does no damage.
You completely miss the endoplasm.
The endoplasm is moderately wounded.
The endoplasm hits you.
You hit the endoplasm.
The endoplasm is heavily wounded.
The endoplasm freezes you.
You are frozen.
You barely miss the endoplasm.
The endoplasm is heavily wounded.
The endoplasm closely misses you.
You hit the endoplasm.
You kill the endoplasm!
You have reached level 2!
Your demonic ancestry asserts itself...
Your brain expands.
You now have 24 gold pieces (gained 9).
There is an escape hatch in the floor here.
Found 7 stones.
A frilled lizard comes into view.
A frilled lizard is nearby!
Are you sure you want to abandon this character and quit the game? (Confirm with "yes".)

### ############.#
.......@.....#
l###########.# #.#
###.####
#########......##
..................(
#########.#.##.####
#.# #...>........
#.#
#.##.#.#..####..


You could see a frilled lizard (asleep).

Vanquished Creatures
  An endoplasm (D:1)
  A goblin (D:1)
  4 jackals (D:1)
6 creatures vanquished.

Notes
Turn   | Place    | Note
-------+----------+-------------------------------------------
     0 | D:1      | holysushi the Demonspawn Monk began the quest for the Orb.
     0 | D:1      | Reached XP level 1. HP: 18/18 MP: 1/1
   176 | D:1      | Gained mutation: You have an unusually large brain. (Int
                  | +2) [demonic ancestry]
   176 | D:1      | Reached XP level 2. HP: 17/24 MP: 2/2
   229 | D:1      | Quit the game

Illustrated notes

Levels and vault maps discovered:
D:1:      matt_arrival_debris, layout_basic, ebering_ecumenical_altar_abandoned

Skill      XL: |  1 |
---------------+----+-----
Short Blades   | 3 |  3.2
Fighting       | |  3.0
Dodging        | |  2.6

Action                     || total
---------------------------++-------
  Melee: Short sword       ||    40
 Armour: Robe              ||     4
  Dodge: Dodged            ||    25

Table legend: (Time is in decaauts)
 A = Elapsed time spent in this place.
 B = Non-inter-level travel time spent in this place.
 C = Inter-level travel time spent in this place.
 D = Time resting spent in this place.
 E = Time spent auto-exploring this place.
 F = Levels seen in this place.
 G = Mean time per level.
                   A        B        C        D        E       F      G
               +--------+--------+--------+--------+--------+-----+--------+
         Total |    223 |    223 |      0 |      0 |    158 |   1 |  223.0 |
       Dungeon |    223 |    223 |      0 |      0 |    158 |   1 |  223.0 |
               +--------+--------+--------+--------+--------+-----+--------+

Top non-repeatable levels by time:
     D:1: 223 daAuts
